 Dungeon Crawl Stone Soup version 0.31-a0-369-g8eba5f6939 (webtiles) character file.

Game seed: 3006873013219282930

32 lessens the Chopper (level 3, -3/31 HPs)
             Began as a Draconian Fighter on July 29, 2023.
             Slain by Terence
             ... wielding a +4 hand axe of freezing
              (4 damage)
             ... on level 2 of the Dungeon.
             The game lasted 00:00:42 (824 turns).

lessens the Chopper (Draconian Fighter)              Turns: 824, Time: 00:00:43

Health: -3/31      AC:  5    Str: 20    XL:     3   Next: 10%
Magic:  3/3        EV: 12    Int:  8    God:
Gold:   0          SH:  4    Dex: 10    Spells: 2/2 levels left

rFire   . . .        a - +0 war axe
rCold   . . .        b - +0 buckler
rNeg    . . .        (body armour unavailable)
rPois   .            (helmet restricted)
rElec   .            (no cloak)
rCorr   .            (no gloves)
SInv    .            (no boots)
Will    .....        (no amulet)
Stlth   +            (no ring)
HPRegen 0.25/turn    (no ring)
MPRegen 0.08/turn

%: no passive effects
@: mighty
A: AC +5, unfitting armour, cold-blooded
a: no special abilities


You were on level 2 of the Dungeon.
You visited 1 branch of the dungeon, and saw 2 of its levels.

Inventory:

Hand Weapons
 a - a +0 war axe (weapon)
Armour
 b - a +0 buckler (worn)
Scrolls
 d - a scroll of fear {unknown}
 e - a scroll of fog {unknown}


   Skills:
 - Level 3.2 Fighting
 + Level 3.6 Axes
 - Level 2.6 Dodging
 - Level 3.0 Shields


You had 2 spell levels left.
You didn't know any spells.
Your spell library was empty.

Dungeon Overview and Level Annotations

Branches:
Dungeon (2/15) Zot: 11144

Altars:

Annotations:
D:2 Terence


Innate Abilities, Weirdness & Mutations

Your plain brown scales are hard. (AC +5)
You cannot fit into any form of body armour.
You are cold-blooded and may be slowed by cold attacks.


Message History

The worm bites you.
You slash the worm!
The worm is severely wounded.
You hit the ball python.
The ball python bites you but does no damage.
The ball python barely misses you.
The ball python bites you but does no damage.
The ball python closely misses you.
You barely miss the worm.
The worm is severely wounded.
You hit the ball python.
You kill the ball python!
The worm misses you. Terence says, "Did you write a will?
You should..."
Terence hits you with a +4 hand axe of freezing.
You feel yourself slow down. Terence freezes you.
You slash the worm!
You kill the worm!
You barely miss Terence.
You feel yourself speed up.
Terence hits you with a +4 hand axe of freezing.
You feel yourself slow down. Terence freezes you.
Terence hits you with a +4 hand axe of freezing!
You feel as though you will be slow longer.
Terence freezes you.
* * * LOW HITPOINT WARNING * * *
You are too injured to fight recklessly!
You feel very mighty all of a sudden. You block Terence's attack.
You barely miss Terence. Terence hits you but does no damage.
You block Terence's attack.
You slash Terence!
Terence is moderately wounded.
You feel yourself speed up.
Terence hits you with a +4 hand axe of freezing!
* * * LOW HITPOINT WARNING * * *
Terence freezes you.
* * * LOW HITPOINT WARNING * * *
Terence hits you with a +4 hand axe of freezing.
You die...

..####.(.#
#........#
#.#.....#
.......#
#.....
#....#
#...<##
#.....#
#...@.#
#...@†#
##....#
#....#
#....#
#.#### #.
..


You could see Terence.

Vanquished Creatures
  A worm (D:2)
  A dart slug (D:1)
  3 bats (D:1)
  3 endoplasms (D:1)
  A giant cockroach (D:1)
  2 goblins (D:1)
  2 hobgoblins (D:1)
  3 jackals (D:1)
  2 quokkas (D:1)
  3 ball pythons
  A frilled lizard (D:1)
  2 rats (D:1)
24 creatures vanquished.

Notes
Turn   | Place    | Note
-------+----------+-------------------------------------------
     0 | D:1      | lessens the Draconian Fighter began the quest for the Orb.
     0 | D:1      | Reached XP level 1. HP: 19/19 MP: 1/1
   102 | D:1      | Reached XP level 2. HP: 22/26 MP: 2/2
   447 | D:1      | Reached XP level 3. HP: 31/31 MP: 3/3
   816 | D:2      | Noticed Terence
   824 | D:2      | HP: 1/31 [Terence/+4 hand axe of freezing (3)]
   824 | D:2      | Slain by Terence

Illustrated notes

Levels and vault maps discovered:
D:1:      spicycebolla_green_bress_n_ham_2, layout_basic
D:2:      layout_basic, minmay_fractal_squares_gapless_5, uniq_jessica,
          uniq_robin, uniq_terence

Skill      XL: |  1  2 |
---------------+-------+-----
Axes           | 3 |  3.6
Fighting       | |  3.2
Dodging        | |  2.6
Shields        | |  3.0

Action                     || total
---------------------------++-------
  Melee: War axe           ||    62
         Tailslap          ||     5
    Use: Potion            ||     1
 Armour: Skin              ||    34
  Dodge: Dodged            ||    47
  Block: Buckler           ||    13

Table legend: (Time is in decaauts)
 A = Elapsed time spent in this place.
 B = Non-inter-level travel time spent in this place.
 C = Inter-level travel time spent in this place.
 D = Time resting spent in this place.
 E = Time spent auto-exploring this place.
 F = Levels seen in this place.
 G = Mean time per level.
                   A        B        C        D        E       F      G
               +--------+--------+--------+--------+--------+-----+--------+
         Total |    853 |    837 |     16 |      0 |    690 |   2 |  426.5 |
       Dungeon |    853 |    837 |     16 |      0 |    690 |   2 |  426.5 |
               +--------+--------+--------+--------+--------+-----+--------+

Top non-repeatable levels by time:
     D:1: 841 daAuts
     D:2: 12 daAuts

Levels and vault maps discovered:
D:1:      spicycebolla_green_bress_n_ham_2, layout_basic
D:2:      layout_basic, minmay_fractal_squares_gapless_5, uniq_jessica,
          uniq_robin, uniq_terence
